AoeStats
← jess_du_marais

Northern Isles

510746352Analyzed
1v1 RM · 17h ago on Oct 2, 2026· 22m 52s· 2 players
Game mode
Random Map
Map size
Tiny (2 player)
Population
200
Speed
Normal
Resources
Standard
Victory
Conquest
Starting age
Dark Age
Ending age
Imperial Age
RankedLock teamsTeams togetherTeam positionsShared explorationLock speedFull tech treeHidden civsTurbo modeCheats
Victory
Defeat
🇫🇷 Khmer · France
300
+16
🇺🇸 Huns · United States
301
-16
jess_du_marais
8:29 Loom
13:47 Feudal Age
17:50 Wheelbarrow
17:01 Town Watch
17:21 Gold Mining
22:39 Castle Age
23:40 Hand Cart
23:27 Town Patrol
Sap2DEUCE
9:36 Loom
11:48 Feudal Age
12:37 Double-Bit Axe
19:25 Forging
18:44 Man-at-Arms
19:56 Horse Collar
25:16 Castle Age
Connection lost

Rejoining the realm…

Still unreachable

The connection could not be restored.

Session expired

The server has moved on; the page needs a fresh start.